 Dungeon Crawl Stone Soup version 0.22-a0-799-g88f5e90 (webtiles) character file.

25 iamserjio the Conjurer (level 3, 0/19 HPs)
             Began as a Tengu Fire Elementalist on July 21, 2018.
             Killed from afar by a dart slug (7 damage)
             ... with a slug dart
             ... on level 1 of the Dungeon.
             The game lasted 00:02:33 (249 turns).

iamserjio the Conjurer (Tengu Fire Elementalist)     Turns: 249, Time: 00:02:33

Health: 0/19       AC:  2    Str:  8    XL:     3   Next: 6%
Magic:  7/7        EV: 12    Int: 16    God:
Gold:   66         SH:  0    Dex: 14    Spells: 5/6 levels left

rFire    . . .     SeeInvis .   d - +0 short sword
rCold    . . .     Gourm    .   (no shield)
rNeg     . . .     Faith    .   a - +0 robe
rPois    .         Spirit   .   (helmet restricted)
rElec    .         Reflect  .   (no cloak)
rCorr    .         Harm     .   (no gloves)
MR       .....                  (boots unavailable)
Stlth    ++........             (no amulet)
HPRegen  0.06/turn              (no ring)
MPRegen  0.10/turn              (no ring)

@: no status effects
A: beak, talons 3
a: no special abilities


You were on level 1 of the Dungeon.
You were not hungry.

You visited 1 branch of the dungeon, and saw 2 of its levels.

You collected 66 gold pieces.

Inventory:

Hand Weapons
 b - a +0 club
 d - a +0 short sword (weapon)
Missiles
 h - 22 arrows
Armour
 a - a +0 robe (worn)
Scrolls
 e - a scroll of enchant weapon {unknown}
 g - a scroll of teleportation {unknown}
 i - a scroll of enchant armour {unknown}
 k - a scroll of remove curse {unknown}
Potions
 f - a potion of flight {unknown}
 j - a potion of berserk rage {unknown}
Comestibles
 c - a ration


   Skills:
 - Level 2.1 Dodging
 - Level 2.0 Stealth
 + Level 2.4 Spellcasting
 + Level 3.3 Conjurations
 * Level 3.2 Fire Magic


You had 5 spell levels left.
You knew the following spells:

 Your Spells              Type           Power        Failure   Level  Hunger
a - Flame Tongue          Conj/Fire      ##...        5%          1    #......

Your spell library contained the following spells:

 Spells                   Type           Power        Failure   Level  Hunger
 Fireball                 Conj/Fire      ##........   82%         5    ######.
 Conjure Flame            Conj/Fire      ##......     16%         3    ###....
 Throw Flame              Conj/Fire      ##....       8%          2    ###....
 Sticky Flame             Conj/Fire      ##......     45%         4    #####..
 Inner Flame              Hex/Fire       #.......     30%         3    ###....


Dungeon Overview and Level Annotations

Branches:
Dungeon (2/15)

Altars:
Xom


Innate Abilities, Weirdness & Mutations

You have a beak for a mouth.
You have claws for feet.


Message History

You hit the kobold.
You kill the kobold!
j - a metallic yellow potion
Found a scroll labeled MIPNEOGOBU.
An ogre comes into view. It is wielding a giant club.
Found 13 gold pieces.
You see here a scroll labeled MIPNEOGOBU.
k - a scroll labeled MIPNEOGOBU
Things that are here:
a whip; a kobold corpse
There is a stone staircase leading up, spattered with blood here.
You climb upwards.
There is a stone staircase leading down here.
Found 9 gold pieces.
You now have 66 gold pieces (gained 9).
There are no items here.
A dart slug comes into view.
The dart slug launches a dart at you. The slug dart hits you!
You die...

#..#
##.........#
##.#
#.....(...#
#.#
##.......##
#.#
##........
#.#
########.
#.# ## #.#
#.# #@# #.#
#.# #w# #.#
#.. ##. #.##
#..#


You could see a dart slug.

Vanquished Creatures
  An adder (D:2)
  An ooze (D:1)
  2 bats
  A goblin (D:1)
  A hobgoblin (D:2)
  5 kobolds
  2 rats (D:1)
13 creatures vanquished.

Notes
Turn   | Place    | Note
-------+----------+-------------------------------------------
     0 | D:1      | iamserjio the Tengu Fire Elementalist began the quest for the Orb.
     0 | D:1      | Reached XP level 1. HP: 10/10 MP: 4/4
    25 | D:1      | Found a shimmering altar of Xom.
    39 | D:1      | Reached XP level 2. HP: 15/15 MP: 1/6
   133 | D:2      | Reached XP level 3. HP: 2/19 MP: 0/7
   193 | D:2      | Noticed an ogre
   249 | D:1      | Killed from afar by a dart slug

Vault maps used:
D:1:      sevenhm_arrival_forest_fort_small_3, serial_bayou_pond_b,
          xom_teletrap_fun
D:2:      nicolae_overflow_hidden_temple

Skill      XL: |  1  2 |
---------------+-------+-----
Conjurations   | 2 3 |  3.3
Dodging        | |  2.1
Stealth        | |  2.0
Spellcasting   | |  2.4
Fire Magic     | |  3.2

Action                   || total
-------------------------++-------
Melee: Club              ||     4
       Kick              ||     3
       Short sword       ||     5
 Cast: Flame Tongue      ||    16
Dodge: Dodged            ||    12

Table legend:
 A = Spawn XP
 B = Non-spawn XP
 C = Spawn XP percentage of total XP
 D = Spawn monster count
 E = Non-spawn monster count
 F = Spawn count percentage of total count
 G = Total turns spent on level
                    A         B        C        D         E        F      G
               +---------+---------+-------+---------+---------+-------+---------
         Total |       0 |      37 |   0.0 |       0 |      13 |   0.0 |   249
               +---------+---------+-------+---------+---------+-------+---------
           D:1 |       0 |      17 |   0.0 |       0 |       8 |   0.0 |   143
           D:2 |       0 |      20 |   0.0 |       0 |       5 |   0.0 |   106
               +---------+---------+-------+---------+---------+-------+---------
